[Event "ICC tourney 2132 (75 10)"]
[Site "Internet Chess Club"]
[Date "2020.11.15"]
[Round "5"]
[White "Jim1108"]
[Black "HarleyQueen8"]
[Result "0-1"]
[ICCResult "White resigns"]
[WhiteElo "1740"]
[BlackElo "1893"]
[Opening "Polish (Sokolsky) opening"]
[ECO "A00"]
[NIC "VO.10"]
[Time "13:36:20"]
[TimeControl "4500+10"]

1. b4 d5 2. Bb2 Nf6 3. e3 Bg4 4. Nf3 Nbd7 5. c4 e5 6. h3 Bxf3 7. Qxf3 e4 8.
Qg3 Bd6 9. Qxg7 Rg8 10. Qh6 Rg6 11. Qh4 Qe7 12. cxd5 Bxb4 13. Bxf6 Rxf6 14.
a3 Qe5 15. Ra2 Qxd5 16. Rb2 Be7 17. Nc3 Qf5 18. Qxe4 Qxf2+ 19. Kd1 Re6 20.
Qf3 Qxf3+ 21. gxf3 Rb6 22. Ra2 Rg6 23. d4 c6 24. Bd3 Rg7 25. Ke1 Kd8 26. Kf1
Kc7 27. Rg1 Rxg1+ 28. Kxg1 Rg8+ 29. Kh2 h6 30. d5 Ne5 31. Be4 f5 32. f4 Nc4
33. Bxf5 Nxe3 34. Be6 Rg7 35. dxc6 bxc6 36. Ne4 Nf1+ 37. Kh1 Ng3+ 38. Nxg3
Rxg3 39. a4 Rf3 40. Rd2 Bd6 41. f5 Rxh3+ 42. Kg1 Ra3 43. Kg2 Rxa4 44. Kh3
Rf4 45. Ra2 Bc5 46. Rg2 Rf3+ 47. Kg4 Rf2 48. Rg3 Rf1 49. Kh5 Rh1+ 50. Kg6
Rg1 51. Rxg1 Bxg1 52. f6 Bc5 53. Kg7 Kb6 54. f7 Kb5 55. f8=Q Bxf8+ 56. Kxf8
c5 57. Kg7 c4 58. Kxh6 c3 59. Bf5 Kb4 60. Bc2 Ka3 61. Kg5 Kb2 62. Ba4 c2 63.
Bxc2 Kxc2 64. Kf5 a5 65. Ke4 a4 66. Kd4 a3 67. Kc4 a2 {White resigns} 0-1

[Event "ICC tourney 2132 (75 10)"]
[Site "Internet Chess Club"]
[Date "2020.11.15"]
[Round "6"]
[White "AJ2000"]
[Black "dabpacman"]
[Result "1-0"]
[ICCResult "Black resigns"]
[WhiteElo "1663"]
[BlackElo "1441"]
[Opening "Sicilian: Katalimov variation"]
[ECO "B27"]
[NIC "SI.43"]
[Time "17:02:14"]
[TimeControl "4500+10"]

1. e4 c5 2. Nf3 b6 3. d4 cxd4 4. Nxd4 Bb7 5. f3 a6 6. c4 Qc7 7. Nc3 e6 8.
Be3 Nf6 9. Rc1 Nc6 10. Be2 Bd6 11. Ndb5 axb5 12. Nxb5 Bg3+ 13. hxg3 Qxg3+
14. Bf2 Qc7 15. Nxc7+ {Black resigns} 1-0

[Event "ICC tourney 2132 (75 10)"]
[Site "Internet Chess Club"]
[Date "2020.11.15"]
[Round "6"]
[White "Concordborn"]
[Black "SupaHotFiya"]
[Result "0-1"]
[ICCResult "White resigns"]
[WhiteElo "1740"]
[BlackElo "2010"]
[Opening "Pirc: classical, h3 system"]
[ECO "B06"]
[NIC "KF.05"]
[Time "17:02:15"]
[TimeControl "4500+10"]

1. e4 g6 2. d4 Bg7 3. Nf3 d6 4. h3 Nf6 5. Nc3 O-O 6. Be3 a6 7. Qd2 b5 8. a3
Bb7 9. d5 c5 10. dxc6 Nxc6 11. Bh6 Rc8 12. Bxg7 Kxg7 13. O-O-O b4 14. axb4
Nxb4 15. e5 Ne4 16. Qd4 Nxc3 17. bxc3 Na2+ 18. Kb2 Nxc3 19. exd6+ e5 20.
Qxe5+ f6 21. Qe7+ Qxe7 22. dxe7 Nxd1+ 23. Kc1 Rfe8 24. Kxd1 Bxf3+ 25. gxf3
Rxe7 26. Bxa6 Ra8 27. Bf1 Ra1+ 28. Kd2 Ree1 {White resigns} 0-1

[Event "ICC tourney 2132 (75 10)"]
[Site "Internet Chess Club"]
[Date "2020.11.15"]
[Round "6"]
[White "loveEdinburgh"]
[Black "DrBoler"]
[Result "1-0"]
[ICCResult "Black resigns"]
[WhiteElo "1853"]
[BlackElo "106"]
[Opening "QGD: exchange, positional line"]
[ECO "D35"]
[NIC "QO.16"]
[Time "17:02:12"]
[TimeControl "4500+10"]

1. d4 d5 2. c4 e6 3. Nc3 Nf6 4. cxd5 exd5 5. Bg5 h6 6. Bh4 Be7 7. e3 O-O 8.
Bd3 c6 9. Nge2 Nbd7 10. O-O Re8 11. Qc2 Qc7 12. Bg3 Bd6 13. Nb5 cxb5 14.
Qxc7 Bxc7 15. Bxc7 a6 16. Nc3 b4 17. Na4 Ne4 18. Nb6 Nxb6 19. Bxb6 Bf5 20.
Bxe4 dxe4 21. Ba5 b3 22. axb3 Be6 23. Rfc1 Rac8 24. f3 exf3 25. gxf3 Bxb3
26. Kf2 Re6 27. Rxc8+ {Black resigns} 1-0

[Event "ICC tourney 2132 (75 10)"]
[Site "Internet Chess Club"]
[Date "2020.11.15"]
[Round "6"]
[White "mopaska1106"]
[Black "chesslin"]
[Result "1-0"]
[ICCResult "Black resigns"]
[WhiteElo "1937"]
[BlackElo "1820"]
[Opening "Modern defense: Averbakh system"]
[ECO "A40"]
[NIC "KF.02"]
[Time "17:02:18"]
[TimeControl "4500+10"]

1. d4 g6 2. c4 Bg7 3. Nc3 d6 4. e4 Nd7 5. Nf3 c5 6. d5 Ngf6 7. Bd3 e6 8. O-O
exd5 9. exd5 O-O 10. Bg5 a6 11. a4 h6 12. Bf4 Qc7 13. Qd2 Kh7 14. Rfe1 Nh5
15. Re2 Ne5 16. Nxe5 dxe5 17. Be3 f5 18. f3 Nf6 19. Bf2 Ne8 20. a5 Bd7 21.
Na4 Bxa4 22. Rxa4 Nd6 23. b4 e4 24. bxc5 exd3 25. cxd6 Qd7 26. Re7 Qxd6 27.
Rxb7 Rab8 28. Rab4 Rxb7 29. Rxb7 Qe5 30. Qxd3 Qa1+ 31. Qb1 Qe5 32. Qd1 Kg8
33. c5 Qc3 34. d6 Qxa5 35. c6 Be5 36. g3 Kh8 37. c7 {Black resigns} 1-0

[Event "ICC tourney 2132 (75 10)"]
[Site "Internet Chess Club"]
[Date "2020.11.15"]
[Round "6"]
[White "Otelo"]
[Black "mancogu"]
[Result "1/2-1/2"]
[ICCResult "Game drawn by mutual agreement"]
[WhiteElo "2036"]
[BlackElo "1616"]
[Opening "English: Neo-Catalan"]
[ECO "A13"]
[NIC "RE.11"]
[Time "17:02:12"]
[TimeControl "4500+10"]

1. Nf3 d5 2. c4 e6 3. g3 Nf6 4. Bg2 c6 5. b3 Be7 6. O-O O-O 7. Bb2 Nbd7 8.
d3 b6 9. Nbd2 Bb7 10. Re1 c5 11. cxd5 Nxd5 12. Ne4 N5f6 13. Nfd2 Nxe4 14.
Nxe4 Bd5 15. Rc1 Nf6 16. Nxf6+ Bxf6 17. Bxf6 Qxf6 18. e4 Bb7 19. e5 Qe7 20.
Qe2 Bxg2 21. Kxg2 Rfd8 22. Rcd1 Qb7+ 23. Qe4 Qxe4+ 24. Rxe4 Rd5 25. Kf3 Kf8
26. d4 Rad8 27. Ke3 Ke7 28. Rd3 R8d7 29. a3 h6 30. h4 h5 31. f3 g6 32. g4
{Game drawn by mutual agreement}
1/2-1/2

[Event "ICC tourney 2132 (75 10)"]
[Site "Internet Chess Club"]
[Date "2020.11.15"]
[Round "6"]
[White "amandapati"]
[Black "wahoo"]
[Result "1-0"]
[ICCResult "Black checkmated"]
[WhiteElo "2068"]
[BlackElo "1634"]
[Opening "Four knights: Spanish variation"]
[ECO "C48"]
[NIC "KP.03"]
[Time "17:02:13"]
[TimeControl "4500+10"]

1. e4 e5 2. Nf3 Nc6 3. Nc3 Nf6 4. Bb5 d6 5. d4 exd4 6. Nxd4 Bd7 7. O-O Be7
8. Nxc6 bxc6 9. Bc4 O-O 10. a3 Re8 11. Bf4 Bg4 12. Qd2 Rb8 13. b3 Qd7 14. h3
Be6 15. Bxe6 Qxe6 16. Rfe1 Nh5 17. Bh2 h6 18. Rad1 Rbd8 19. Qe2 Nf6 20. Qa6
Bf8 21. Qxc6 Rc8 22. Nb5 Nxe4 23. f3 d5 24. Qxe6 Bc5+ 25. Nd4 Rxe6 26. fxe4
Rxe4 27. Rxe4 dxe4 28. Kf2 Rd8 29. c3 Rd7 30. Ke3 f5 31. b4 Bb6 32. Ke2 Bxd4
33. Rxd4 Rxd4 34. cxd4 c6 35. Bb8 a6 36. g4 g6 37. a4 Kf7 38. Bf4 g5 39. Bd6
f4 40. Be5 Kf8 41. Bd6+ Kf7 42. Be5 Kf8 43. d5 Ke7 44. dxc6 Kd8 45. b5 axb5
46. axb5 Ke7 47. b6 Ke6 48. b7 Kxe5 49. b8=Q+ Kd4 50. c7 f3+ 51. Ke1 Ke3 52.
Qb6+ Kf4 53. Qd6+ Ke3 54. Qd2# {Black checkmated} 1-0

[Event "ICC tourney 2132 (75 10)"]
[Site "Internet Chess Club"]
[Date "2020.11.15"]
[Round "6"]
[White "Sricharan07"]
[Black "Mapking1"]
[Result "1/2-1/2"]
[ICCResult "Game drawn by mutual agreement"]
[WhiteElo "1844"]
[BlackElo "1801"]
[Opening "King's Indian: London system"]
[ECO "A48"]
[NIC "QP.03"]
[Time "17:02:35"]
[TimeControl "4500+10"]

1. d4 Nf6 2. Nf3 g6 3. Bf4 Bg7 4. e3 O-O 5. Be2 c5 6. c3 d5 7. Nbd2 Nc6 8.
O-O Re8 9. Ne5 Qb6 10. Qb3 e6 11. h3 Nxe5 12. Bxe5 cxd4 13. cxd4 Bd7 14.
Rac1 Rec8 15. a3 Ne4 16. Qxb6 axb6 17. Nxe4 Bxe5 18. Nc3 Bd6 19. Nb5 Bxb5
20. Bxb5 Kf8 21. Rfd1 Ke7 22. Kf1 Kd8 23. f4 Rxc1 24. Rxc1 Rc8 25. Rxc8+
Kxc8 26. g4 f6 27. h4 e5 28. f5 exd4 29. exd4 gxf5 30. gxf5 Bf4 31. b3 Be3
32. Be8 Kc7 33. Ke2 Bxd4 34. Kd3 Bb2 35. a4 Kd6 36. h5 Ke5 37. Bg6 h6 38.
Ke3 d4+ 39. Kd3 Kd5 40. Bf7+ Kc5 41. Be6 b5 42. axb5 Kxb5 43. Bd5 Kb4
{Game drawn by mutual agreement}
1/2-1/2

[Event "ICC tourney 2132 (75 10)"]
[Site "Internet Chess Club"]
[Date "2020.11.15"]
[Round "6"]
[White "HarleyQueen8"]
[Black "mikoyansuren"]
[Result "1/2-1/2"]
[ICCResult "Game drawn by mutual agreement"]
[WhiteElo "1897"]
[BlackElo "1971"]
[Opening "QGD: Chigorin defense"]
[ECO "D07"]
[NIC "QP.08"]
[Time "17:02:20"]
[TimeControl "4500+10"]

1. d4 d5 2. c4 Nc6 3. Nf3 Bg4 4. e3 e5 5. Be2 dxc4 6. d5 Nb4 7. e4 Nf6 8.
Nc3 Bxf3 9. gxf3 Nd3+ 10. Bxd3 cxd3 11. Qxd3 Bd6 12. Qb5+ Qd7 13. Qxd7+ Kxd7
14. Be3 Rhc8 15. Ke2 c6 16. Bg5 Ne8 17. Rhd1 f6 18. Be3 cxd5 19. Nxd5 Rc2+
20. Rd2 Rxd2+ 21. Kxd2 Nc7 22. Nxc7 Bxc7 23. Ke2 Rc8 24. Rc1 Bb8 25. Rxc8
Kxc8 26. Kd3 Kc7 27. f4 Kc6 28. f5 a6 29. Kc4 b5+ 30. Kb4 Bc7 31. a4 a5+ 32.
Kb3 bxa4+ 33. Kxa4 Bb6 34. Bxb6 Kxb6 35. b4 axb4 36. Kxb4 g6
{Game drawn by mutual agreement}
1/2-1/2

[Event "ICC tourney 2132 (75 10)"]
[Site "Internet Chess Club"]
[Date "2020.11.15"]
[Round "6"]
[White "castle2king"]
[Black "VincentT2008"]
[Result "1/2-1/2"]
[ICCResult "Game drawn by mutual agreement"]
[WhiteElo "1569"]
[BlackElo "1743"]
[Opening "Ruy Lopez: closed, Pilnik variation"]
[ECO "C77"]
[NIC "RL.12"]
[Time "17:02:16"]
[TimeControl "4500+10"]

1. e4 e5 2. Nf3 Nc6 3. Bb5 a6 4. Ba4 Nf6 5. d3 b5 6. Bb3 Be7 7. O-O d6 8. c3
O-O 9. Re1 Na5 10. Bc2 c5 11. Nbd2 Qc7 12. Nf1 Nc6 13. Ng3 Bd7 14. h3 Rfe8
15. Nh4 Bf8 16. Qf3 Rad8 17. Nhf5 Bxf5 18. Nxf5 d5 19. Bg5 dxe4 20. dxe4 Re6
21. Rad1 Rxd1 22. Rxd1 Ne7 23. Nh6+ gxh6 24. Bxf6 Ng6 25. h4 Be7 26. Bxe7
Qxe7 27. g3 Rd6 28. Rxd6 Qxd6 29. Qd3 Qxd3 30. Bxd3 f6 31. b3 Kf7 32. Kf1
Ne7 33. Ke2 Nc8 34. Ke3 Nd6 35. f3 Ke6 36. c4 b4 37. Bb1 Nf7 38. Bd3 Nd8 39.
Bb1 Nc6 40. Bd3 Nd4 41. Bb1 a5 42. Bd3 Nc6 43. Bb1 Na7 44. Bc2 Nc8 45. Bb1
Nb6 46. Bc2 Kd6 47. Kd3 Nd7 48. Ke3 Nf8 49. Bd3 Ne6 50. Bc2 Ng7 51. Bb1 Nh5
52. g4 Nf4 53. h5 {Game drawn by mutual agreement} 1/2-1/2

[Event "ICC tourney 2132 (75 10)"]
[Site "Internet Chess Club"]
[Date "2020.11.15"]
[Round "6"]
[White "soggydollar"]
[Black "SBomm18"]
[Result "0-1"]
[ICCResult "White resigns"]
[WhiteElo "1809"]
[BlackElo "1935"]
[Opening "Sicilian: Najdorf, Göteborg (Argentine) variation"]
[ECO "B98"]
[NIC "SI.09"]
[Time "17:02:15"]
[TimeControl "4500+10"]

1. e4 c5 2. Nf3 d6 3. d4 cxd4 4. Nxd4 Nf6 5. Nc3 a6 6. Bg5 e6 7. f4 Be7 8.
Qf3 h6 9. Bh4 g5 10. fxg5 Nh7 11. O-O-O Nxg5 12. Bxg5 hxg5 13. Bc4 Nd7 14.
Qe2 Ne5 15. Bb3 Qc7 16. Nf3 Nc6 17. g4 b5 18. Qe3 Rg8 19. Rhf1 Bb7 20. Qf2
O-O-O 21. Nd4 Ne5 22. Nxe6 fxe6 23. Bxe6+ Kb8 24. Bxg8 Rxg8 25. Qe2 Rc8 26.
Kb1 Qa5 27. h3 Rxc3 28. bxc3 Nc4 29. Rd4 Qxc3 30. Rxc4 bxc4 31. Rf3 Qb4+ 32.
Kc1 c3 33. Qe3 Qb2+ 34. Kd1 Qb1+ 35. Qc1 Qb2 36. Rf7 Bxe4 37. Rf2 d5 38. Rf1
Qxa2 {White resigns} 0-1

[Event "ICC tourney 2132 (75 10)"]
[Site "Internet Chess Club"]
[Date "2020.11.15"]
[Round "6"]
[White "sujashankar"]
[Black "vvguys"]
[Result "1-0"]
[ICCResult "Black resigns"]
[WhiteElo "1693"]
[BlackElo "1547"]
[Opening "Sicilian defense"]
[ECO "B40"]
[NIC "SI.43"]
[Time "17:02:18"]
[TimeControl "4500+10"]

1. e4 c5 2. Nf3 e6 3. c3 d5 4. exd5 Qxd5 5. d4 Nf6 6. Bd3 Nc6 7. O-O Be7 8.
Be3 O-O 9. Nbd2 cxd4 10. cxd4 b6 11. Rc1 Bb7 12. Nb3 Rac8 13. Qe2 e5 14. Ba6
Bxa6 15. Qxa6 Nd7 16. dxe5 Ndb8 17. Qc4 Qxc4 18. Rxc4 Nd7 19. Rfc1 Ndb8 20.
Kf1 b5 21. R4c2 Rfd8 22. Na5 Bb4 23. Nxc6 Nxc6 24. Rxc6 Rxc6 25. Rxc6 Rd1+
26. Ke2 Rd8 27. Bxa7 h6 28. Be3 Rd5 29. a3 Be7 30. Rc8+ Kh7 31. Rc7 Bd8 32.
Rxf7 Ba5 33. Ra7 Bd8 34. e6 Bf6 35. e7 Bxe7 36. Rxe7 Kg6 37. Bd4 Rd6 38.
Rxg7+ Kf5 39. Rf7+ Ke4 40. Rf6 Rd8 41. Rxh6 Rc8 42. Kd2 Rg8 43. Re6+ Kd5 44.
Re5+ Kc6 {Black resigns} 1-0

[Event "ICC tourney 2132 (75 10)"]
[Site "Internet Chess Club"]
[Date "2020.11.15"]
[Round "6"]
[White "USChessNinja"]
[Black "DanielA1926"]
[Result "1-0"]
[ICCResult "Black resigns"]
[WhiteElo "1565"]
[BlackElo "1539"]
[Opening "Sicilian: Najdorf"]
[ECO "B90"]
[NIC "SI.14"]
[Time "17:02:19"]
[TimeControl "4500+10"]

1. e4 c5 2. Nf3 d6 3. d4 cxd4 4. Nxd4 Nf6 5. Nc3 a6 6. f3 e6 7. Be3 Be7 8.
Qd2 b5 9. a3 Bb7 10. O-O-O Nbd7 11. Kb1 Qc7 12. g4 Nb6 13. h4 Nfd7 14. g5
Ne5 15. f4 Nec4 16. Bxc4 Nxc4 17. Qd3 Nxe3 18. Qxe3 Rc8 19. f5 e5 20. Nb3 h6
21. Rhg1 hxg5 22. hxg5 f6 23. gxf6 Bxf6 24. Rg2 Rh4 25. Rgd2 Be7 26. Qg3 Kf7
27. Qg6+ Kf8 28. f6 Bxf6 29. Rxd6 Rh6 30. Qg4 {Black resigns} 1-0

[Event "ICC tourney 2132 (75 10)"]
[Site "Internet Chess Club"]
[Date "2020.11.15"]
[Round "6"]
[White "kirikiri007"]
[Black "MacAndSneeze"]
[Result "0-1"]
[ICCResult "White resigns"]
[WhiteElo "1563"]
[BlackElo "1577"]
[Opening "Sicilian: Canal-Sokolsky (Nimzovich-Rossolimo, Moscow) attack"]
[ECO "B51"]
[NIC "SI.01"]
[Time "17:02:10"]
[TimeControl "4500+10"]

1. e4 c5 2. Nf3 d6 3. Bb5+ Nd7 4. d4 cxd4 5. Qxd4 e5 6. Qd3 Be7 7. O-O a6 8.
Bxd7+ Bxd7 9. Be3 Nf6 10. Rd1 Qc7 11. Nc3 Bc6 12. h3 O-O 13. Nd2 Rfd8 14. a4
d5 15. exd5 Nxd5 16. Nxd5 Bxd5 17. Qf5 Be6 18. Qf3 Bd5 19. Qf5 g6 20. Qg4 f5
21. Qg3 f4 22. Qg4 fxe3 23. fxe3 Qc6 24. c3 Qe6 25. Qg3 Bf6 26. e4 Bb3 27.
Nxb3 Qxb3 28. Rf1 Bg7 29. Rf2 Rf8 30. a5 Rxf2 31. Qxf2 Rf8 32. Qd2 Qc4 33.
Rd1 Qxe4 34. Qd7 Qe2 35. Qe6+ Kh8 36. Rd7 Qe3+ 37. Kh2 Qf4+ 38. Kg1 Qe3+ 39.
Kh2 Bh6 {White resigns} 0-1

[Event "ICC tourney 2132 (75 10)"]
[Site "Internet Chess Club"]
[Date "2020.11.15"]
[Round "6"]
[White "xyzchessdude"]
[Black "Kausy"]
[Result "1-0"]
[ICCResult "Black resigns"]
[WhiteElo "2013"]
[BlackElo "1760"]
[Opening "Réti opening"]
[ECO "A11"]
[NIC "RE.06"]
[Time "17:02:16"]
[TimeControl "4500+10"]

1. Nf3 d5 2. c4 c6 3. g3 Nf6 4. Bg2 Bf5 5. Qb3 Qb6 6. d3 e6 7. Be3 Qc7 8.
Nc3 Be7 9. Rc1 dxc4 10. Qxc4 O-O 11. Bf4 Bd6 12. Bxd6 Qxd6 13. e4 Bg6 14.
O-O e5 15. d4 Nbd7 16. Rfd1 Qe7 17. Nh4 exd4 18. Nxg6 hxg6 19. Rxd4 Ne5 20.
Qe2 Rad8 21. Rcd1 Rxd4 22. Rxd4 Rd8 23. Qd1 Rxd4 24. Qxd4 Ned7 25. Qxa7 Qb4
26. Qa3 Qd4 27. Qb3 Ng4 28. Qc2 Nc5 29. h3 Ne5 30. Ne2 Qd6 31. Nc1 Ne6 32.
f4 Nd7 33. Kh2 Nd4 34. Qd1 c5 35. e5 Qb6 36. b3 Nf8 37. Ne2 Nfe6 38. Nc3 Qa5
39. Qd3 b5 40. h4 Qa3 41. Qd2 c4 42. bxc4 bxc4 43. Kh3 Nxf4+ 44. Qxf4 Qxc3
45. Bd5 Nf5 46. Bxc4 Qe1 47. Bd5 Qd1 48. Qf3 Qe1 49. h5 Qd2 50. e6 Qg5 51.
exf7+ Kf8 52. Qa3+ Ne7 53. Qa8+ {Black resigns} 1-0

[Event "ICC tourney 2132 (75 10)"]
[Site "Internet Chess Club"]
[Date "2020.11.15"]
[Round "6"]
[White "wangfang75"]
[Black "BadWolf"]
[Result "1-0"]
[ICCResult "Black resigns"]
[WhiteElo "1868"]
[BlackElo "1941"]
[Opening "French: exchange variation"]
[ECO "C01"]
[NIC "FR.01"]
[Time "17:02:41"]
[TimeControl "4500+10"]

1. e4 e6 2. d4 d5 3. exd5 exd5 4. c4 Nf6 5. Nc3 dxc4 6. Bxc4 Bd6 7. Nf3 O-O
8. O-O Bg4 9. h3 Bh5 10. Bg5 Nc6 11. Ne4 Be7 12. Nxf6+ Bxf6 13. Bxf6 Qxf6
14. g4 Bg6 15. d5 Ne5 16. Nxe5 Qxe5 17. Qb3 b6 18. Rae1 Qd6 19. f4 b5 20.
Qxb5 h5 21. Qc6 Qb4 22. f5 Bh7 23. g5 Bxf5 24. Re3 Qd2 25. Ref3 Qxg5+ 26.
Kh2 Be4 27. Rg3 Qe5 28. h4 Rab8 29. Bb3 Qxb2+ 30. Kh3 Qe5 31. Rg5 Qd6 32.
Qxd6 cxd6 33. Rf6 Rb6 34. Rf4 f6 35. Rg3 Bh7 36. Ra4 Rf7 37. Bd1 Rb2 38.
Bxh5 Re7 39. Rga3 Be4 40. Rxa7 Rxa7 41. Rxa7 Bxd5 42. a4 Kf8 43. a5 Rb7 44.
Rxb7 Bxb7 45. Be2 Ke7 46. Kg4 g6 47. Bd3 Kf7 48. a6 Ba8 49. Kg3 Kg7 50. Bb5
Kh6 51. Bd7 Bd5 52. Bc8 Bc4 53. a7 Bd5 54. Bg4 Ba8 55. Bf3 d5 56. Kf4 Kg7
57. Ke3 Kf7 58. Kd4 Ke6 59. Kc5 Ke5 60. Be2 f5 61. Bb5 d4 62. Bc6
{Black resigns}
1-0

[Event "ICC tourney 2132 (75 10)"]
[Site "Internet Chess Club"]
[Date "2020.11.15"]
[Round "6"]
[White "pawnpush202044"]
[Black "bopala"]
[Result "1/2-1/2"]
[ICCResult "Game drawn by mutual agreement"]
[WhiteElo "1898"]
[BlackElo "1928"]
[Opening "QGD: Charousek (Petrosian) variation"]
[ECO "D31"]
[NIC "EO.64"]
[Time "17:02:33"]
[TimeControl "4500+10"]

1. c4 e6 2. d4 d5 3. Nc3 Be7 4. Nf3 Nf6 5. e3 O-O 6. Bd3 c5 7. cxd5 Nxd5 8.
O-O Nc6 9. a3 cxd4 10. exd4 Bf6 11. Bc2 Nxc3 12. bxc3 e5 13. Qd3 g6 14. dxe5
Qxd3 15. Bxd3 Nxe5 16. Nxe5 Bxe5 17. Bb2 Be6 18. f4 Bf6 19. f5 Bd5 20. fxg6
fxg6 21. Rxf6 Rxf6 22. c4 Rb6 23. Bd4 Rb3 24. Bc2 Bxc4 25. Bxb3 Bxb3 26. Rb1
Bd5 27. Rc1 Bc6 28. g3 a6 29. Bc5 Rd8 30. Bb4 Re8 31. Kf2 Kf7 32. Rc3 Ke6
33. Re3+ Kf5 34. h3 Rxe3 {Game drawn by mutual agreement} 1/2-1/2

[Event "ICC tourney 2132 (75 10)"]
[Site "Internet Chess Club"]
[Date "2020.11.15"]
[Round "6"]
[White "agrimjax1"]
[Black "kittycat35"]
[Result "1/2-1/2"]
[ICCResult "Game drawn by mutual agreement"]
[WhiteElo "1450"]
[BlackElo "1686"]
[Opening "Giuoco Pianissimo: Italian four knights variation"]
[ECO "C50"]
[NIC "IG.02"]
[Time "17:02:22"]
[TimeControl "4500+10"]

1. e4 e5 2. Nf3 Nc6 3. Bc4 Bc5 4. d3 Nf6 5. Nc3 d6 6. a3 Bg4 7. h3 Bh5 8.
Bg5 h6 9. Bxf6 Qxf6 10. g4 Bg6 11. Nd5 Qd8 12. Qe2 a6 13. O-O-O b5 14. Ba2
Ba7 15. h4 a5 16. Bb3 a4 17. Ba2 Rb8 18. c3 Ne7 19. d4 f6 20. Nxe7 Qxe7 21.
Bd5 exd4 22. Bc6+ Kd8 23. Nxd4 Bxd4 24. Rxd4 Be8 25. Bd5 c5 26. Rd2 h5 27.
f3 hxg4 28. fxg4 Qe5 29. Qh2 Ke7 30. Qf2 Rf8 31. Qf5 g6 32. Qf3 Bd7 33. Ba2
Be6 34. Bxe6 Qxe6 35. h5 g5 36. Qf5 Qa2 37. Rhd1 Rb6 38. h6 b4 39. e5 bxc3
40. exf6+ Rxf6 41. Re2+ Re6 42. Rxe6+ Qxe6 43. Qxg5+ Kd7 44. Qf5 cxb2+ 45.
Kb1 Qxf5+ 46. gxf5 Rb8 47. Rg1 Rh8 48. Rg6 Ke7 49. Kxb2 d5 50. Kc3 Kf7 51.
Kd3 Rb8 52. h7 Rb3+ 53. Kd2 Rh3 54. Rd6 Rxh7 55. Rxd5 Rh3 56. Rd3 Rh5 57.
Rd5 Rh3 58. Rd3 Rh5 59. Rf3 Kf6 60. Kc3 Rh4 {Game drawn by mutual agreement}
1/2-1/2

[Event "ICC tourney 2132 (75 10)"]
[Site "Internet Chess Club"]
[Date "2020.11.15"]
[Round "6"]
[White "poohfur"]
[Black "cdj12417489"]
[Result "1-0"]
[ICCResult "Black resigns"]
[WhiteElo "1711"]
[BlackElo "1257"]
[Opening "Caro-Kann: Panov-Botvinnik attack"]
[ECO "B13"]
[NIC "CK.03"]
[Time "17:02:21"]
[TimeControl "4500+10"]

1. e4 d5 2. exd5 c6 3. d4 Nf6 4. c4 cxd5 5. Nc3 Nc6 6. Bf4 a6 7. g3 dxc4 8.
d5 Na7 9. Bg2 Nb5 10. Nge2 g6 11. O-O Bg7 12. a4 Nxc3 13. Nxc3 O-O 14. Qd2
Qa5 15. Rfe1 Re8 16. d6 exd6 17. Qxd6 Be6 18. Bxb7 Rad8 19. Qxa6 Qxa6 20.
Bxa6 Nd5 21. Be5 Nxc3 22. Bxc3 Bxc3 23. bxc3 Rd3 24. Bxc4 Rxc3 25. Bxe6 fxe6
26. a5 Rcc8 27. a6 Kf7 28. Rec1 Ra8 29. Rc7+ Re7 30. Rxe7+ Kxe7 31. a7 Kd7
32. Kg2 Kc7 33. Kf3 Kb7 34. Ke4 Rxa7 35. Rxa7+ Kxa7 36. Ke5 Kb6 37. Kxe6 Kc5
38. Kf6 Kd5 39. Kg7 Ke4 40. Kxh7 Kf3 41. Kxg6 Kg4 42. f4 Kh3 43. f5 Kxh2 44.
g4 {Black resigns} 1-0

[Event "ICC tourney 2132 (75 10)"]
[Site "Internet Chess Club"]
[Date "2020.11.15"]
[Round "6"]
[White "IAlwaysWin"]
[Black "Joshua1"]
[Result "0-1"]
[ICCResult "White resigns"]
[WhiteElo "1954"]
[BlackElo "1883"]
[Opening "Réti: Nimzovich-Larsen attack"]
[ECO "A06"]
[NIC "QP.09"]
[Time "17:03:04"]
[TimeControl "4500+10"]

1. Nf3 d5 2. b3 c5 3. Bb2 Nc6 4. g3 Bf5 5. Bg2 e6 6. O-O Nf6 7. d3 Be7 8.
Nbd2 O-O 9. Re1 Bg6 10. e4 d4 11. Nh4 Nd7 12. Nxg6 hxg6 13. f4 e5 14. f5 g5
15. Nf3 b5 16. h3 Nb6 17. Nh2 c4 18. Bc1 Bb4 19. Rf1 f6 20. a3 Bc3 21. Rb1
a5 22. Bf3 cxd3 23. cxd3 Kf7 24. Bh5+ Ke7 25. Qg4 Rg8 26. Nf3 Nd7 27. h4
gxh4 28. Nxh4 Kd6 29. Ng6 Kc7 30. Qh4 Ne7 31. Qg4 Nxg6 32. Bxg6 Qe7 33. a4
b4 34. Qe2 Rh8 35. Kg2 Kb7 36. Bd2 Rac8 37. Rh1 Nb8 38. Rbf1 Nc6 39. Kf3
Rcf8 40. Be1 Nd8 41. g4 Nf7 42. Bxf7 Qxf7 43. Qc2 Rxh1 44. Rxh1 Bxe1 45.
Rxe1 Rc8 46. Qd1 Rc3 47. Rh1 Rxb3 48. Rh8 Qc4 49. Ke2 Rb2+ 50. Kf3 Qc3 51.
g5 Rd2 52. Qf1 Rxd3+ 53. Kg4 Rg3+ 54. Kh4 fxg5+ 55. Kh5 Rh3+ {White resigns}
0-1

[Event "ICC tourney 2132 (75 10)"]
[Site "Internet Chess Club"]
[Date "2020.11.15"]
[Round "6"]
[White "Goldenmaknae"]
[Black "Jim1108"]
[Result "1-0"]
[ICCResult "Black resigns"]
[WhiteElo "1898"]
[BlackElo "1719"]
[Opening "King's Indian: Petrosian system, Stein variation"]
[ECO "E92"]
[NIC "KI.17"]
[Time "17:02:24"]
[TimeControl "4500+10"]

1. d4 Nf6 2. c4 g6 3. Nc3 Bg7 4. e4 d6 5. Nf3 O-O 6. Be2 e5 7. d5 a5 8. a3
Nbd7 9. h3 Nc5 10. Qc2 a4 11. Be3 Nb3 12. Rd1 Bd7 13. O-O b6 14. Nd2 Nc5 15.
Rde1 Ne8 16. f4 exf4 17. Bxf4 f5 18. Bd3 Nxd3 19. Qxd3 fxe4 20. Ndxe4 Nf6
21. Ng3 Rf7 22. Re2 Qf8 23. Ref2 Re8 24. Bg5 Ree7 25. Qc2 Be8 26. Rf3 Re5
27. Bf4 Ree7 28. Nxa4 Bxa4 29. Qxa4 Ne4 30. Qc2 Bd4+ 31. Kh2 Nxg3 32. Bxg3
Rxf3 33. Rxf3 Qe8 34. Qd2 Bg7 35. b3 Re2 36. Qd3 Be5 37. Bxe5 Qxe5+ 38. Rg3
Kg7 39. Qc3 Kf6 40. Qf3+ Kg7 41. a4 Rb2 42. Qc3 Kf6 43. Qf3+ Kg7 44. h4 Rb1
45. h5 g5 46. Qe3 h6 47. Qd3 Qe1 48. Qg6+ Kf8 49. Rf3+ Ke7 50. Rf7+ Kd8 51.
Qg8+ Qe8 52. Rf8 {Black resigns} 1-0

[Event "ICC tourney 2132 (75 10)"]
[Site "Internet Chess Club"]
[Date "2020.11.15"]
[Round "6"]
[White "CoarseCrown"]
[Black "atevifred"]
[Result "1-0"]
[ICCResult "Black forfeits on time"]
[WhiteElo "1780"]
[BlackElo "1876"]
[Opening "QGD semi-Slav: 5...Nd7"]
[ECO "D45"]
[NIC "SL.08"]
[Time "17:02:12"]
[TimeControl "4500+10"]

1. d4 d5 2. c4 c6 3. Nc3 Nf6 4. Nf3 e6 5. e3 Nbd7 6. Be2 dxc4 7. a4 Bb4 8.
Bxc4 Ne4 9. Qc2 Ndf6 10. O-O Nxc3 11. bxc3 Be7 12. e4 O-O 13. e5 Nd5 14. Bd3
h6 15. Ba3 b6 16. Bxe7 Qxe7 17. a5 b5 18. Nd2 a6 19. Ne4 Bd7 20. Nc5 Be8 21.
Rfe1 Qg5 22. Kh1 Ra7 23. Be4 Bd7 24. g3 h5 25. h4 Qh6 26. f4 g6 27. Re2 Be8
28. Bxd5 cxd5 29. Rg2 Kg7 30. Rf1 Rh8 31. g4 hxg4 32. Rxg4 Qh5 33. Qg2 Kf8
34. Kg1 Ke7 35. Kf2 Qf5 36. Ke3 Qh5 37. Rh1 Bc6 38. Rg5 Qh7 39. h5 Raa8 40.
h6 Rhg8 41. Nd3 Rac8 42. Qb2 Rgd8 43. Qb4+ Ke8 44. Nf2 Rd7 45. Ng4 Kd8 46.
Nf6 Qh8 47. Qc5 Rb7 48. Qd6+ Bd7 49. Kd2 Rc6 50. Qa3 Rbc7 51. Rg3 Rc4 52. h7
b4 53. Qb3 Bb5 54. Rhh3 Ke7 55. f5 Rc8 56. fxg6 fxg6 57. Qb1 bxc3+ 58. Rxc3
Rxd4+ 59. Kc1 Rdc4 60. Qb2 d4 61. Qa3+ Kf7 62. Rxc4 Rxc4+ 63. Kd2 Qa8 64.
Nd5 {Black forfeits on time} 1-0